 Dungeon Crawl Stone Soup version 0.29-a0-352-g0917bc69df (webtiles) character file.

Game seed: 2092121904213516856

89410 siradein the Grappler (level 15, -1/152 HPs)
             Began as a Troll Fighter on Apr 25, 2022.
             Was the Champion of Qazlal.
             Slain by an orc warrior
             ... wielding a +0 war axe
             ... led by an orc warlord
              (12 damage)
             ... on level 1 of the Orcish Mines.
             The game lasted 01:05:09 (20013 turns).

siradein the Grappler (Troll Fighter)              Turns: 20013, Time: 01:05:09

Health: -1/152     AC: 22    Str: 40    XL:     15   Next: 49%
Magic:  21/21      EV:  7    Int:  4    God:    Qazlal [******]
Gold:   900        SH: 24    Dex:  7    Spells: 14/14 levels left

rFire   . . .      SeeInvis .     - Unarmed
rCold   + . .      Faith    +   R - +2 tower shield {rC+}
rNeg    . . .      Spirit   .   b - +0 storm dragon scales
rPois   .          Reflect  .   A - +2 hat "Asi Fec" {rElec Slay+3}
rElec   +          Harm     .   a - +2 cloak
rCorr   +          Rampage  .   (gloves unavailable)
Will    ++...                   (boots unavailable)
Stlth   ..........              M - amulet "Gimer" {Faith Regen+ Str+6 Dex-2 Stlth+}
HPRegen 1.95/turn               Q - ring of resist corrosion
MPRegen 0.17/turn               o - ring of willpower

@: protected from physical damage, repel missiles
A: large, unfitting armour, claws 3, regeneration 1, shaggy fur 1, tough skin 1
a: Renounce Religion, Upheaval, Elemental Force, Disaster Area


You were on level 1 of the Orcish Mines.
You worshipped Qazlal.
Qazlal was exalted by your worship.
You visited 3 branches of the dungeon, and saw 20 of its levels.
You also visited: Ossuary and Ice Cave.

You collected 3154 gold pieces.
You spent 2254 gold pieces at shops.

Inventory:

Hand Weapons
 L - the +9 dagger "Pierruazi" {freeze, Stlth+}
   (You found it on level 1 of the Lair of Beasts)

   It freezes those it strikes, dealing additional cold damage.
   It can also slow down cold-blooded creatures.
   Stlth:     It makes you more stealthy.
Missiles
 y - 3 curare-tipped darts (quivered)
Armour
 a - a +2 cloak (worn)
 b - +0 storm dragon scales (worn)
 A - the +2 hat "Asi Fec" (worn) {rElec Slay+3}
   (You found it on level 1 of the Lair of Beasts)

   Slay:      It affects your accuracy & damage with ranged weapons and melee
   (+3).
   rElec:     It insulates you from electricity.
 R - a +2 tower shield of cold resistance (worn)
Jewellery
 o - a ring of willpower (right claw)
 r - a ring of positive energy
 s - a ring of wizardry
 M - the amulet "Gimer" (around neck) {Faith Regen+ Str+6 Dex-2 Stlth+}
   (You acquired it on level 2 of the Lair of Beasts)

   [amulet of faith]

   It allows you to gain divine favour quickly.
   Str:       It affects your strength (+6).
   Dex:       It affects your dexterity (-2).
   Regen:     It increases your rate of health regeneration.
   Stlth:     It makes you more stealthy.
 Q - a ring of resist corrosion (left claw)
Wands
 u - a wand of iceblast (7)
 x - a wand of flame (6)
 z - a wand of acid (19)
 B - a wand of digging (2)
 C - a wand of mindburst (19)
 D - a wand of charming (12)
 F - a wand of polymorph (20)
 J - a wand of paralysis (5)
Scrolls
 d - 6 scrolls of fear
 e - a scroll of holy word
 f - a scroll of fog
 g - 6 scrolls of teleportation
 h - 2 scrolls of magic mapping
 i - 5 scrolls of amnesia
 j - 5 scrolls of blinking
 k - a scroll of silence
 t - 2 scrolls of brand weapon
 E - 3 scrolls of enchant weapon
 K - 3 scrolls of immolation
 N - a scroll of summoning
Potions
 c - 6 potions of might
 l - 2 potions of heal wounds
 m - 13 potions of curing
 n - 6 potions of flight
 p - 4 potions of mutation
 q - 5 potions of haste
 v - 2 potions of resistance
 w - 8 potions of brilliance
 I - 6 potions of lignification
 O - a potion of invisibility {unknown}
Miscellaneous
 H - a lightning rod (4/4)


   Skills:
 + Level 10.6 Fighting
 + Level 5.3 Armour
 + Level 10.6 Dodging
 + Level 10.5 Shields
 + Level 12.2 Unarmed Combat
 + Level 10.4 Invocations
 + Level 6.0 Evocations


You had 14 spell levels left.
You didn't know any spells.
Your spell library contained the following spells:

 Spells                   Type           Power      Damage    Failure   Level
 Apportation              Tloc           0%         N/A       100%        1
 Sandblast                Erth           0%         2d4       100%        1
 Slow                     Hex            0%         N/A       100%        1
 Sting                    Tmut/Pois      0%         1d3       100%        1
 Summon Small Mammal      Summ           0%         N/A       100%        1
 Corpse Rot               Necr/Air       0%         N/A       100%        2
 Ensorcelled Hibernation  Hex/Ice        0%         N/A       100%        2
 Passwall                 Tmut/Erth      0%         N/A       100%        2
 Poisonous Vapours        Pois/Air       0%         N/A       100%        2
 Call Canine Familiar     Summ           0%         N/A       100%        3
 Confusing Touch          Hex            0%         N/A       100%        3
 Conjure Flame            Conj/Fire      0%         6-21      100%        3
 Ignite Poison            Fire/Tmut/Pois 0%         N/A       100%        3
 Portal Projectile        Hex/Tloc       0%         N/A       100%        3
 Stone Arrow              Conj/Erth      0%         3d7       100%        3
 Summon Guardian Golem    Hex/Summ       0%         N/A       100%        3
 Vampiric Draining        Necr           0%         2d6       100%        3
 Airstrike                Air            0%         N/A       100%        4
 Dispel Undead            Necr           0%         3d6       100%        4
 Hailstorm                Conj/Ice       0%         3d3       100%        4
 Ice Form                 Ice/Tmut       0%         N/A       100%        4
 Leda's Liquefaction      Hex/Erth       0%         N/A       100%        4
 Olgreb's Toxic Radiance  Pois           0%         N/A       100%        4
 Petrify                  Tmut/Erth      0%         N/A       100%        4
 Sticky Flame             Conj/Fire      0%         2d3       100%        4
 Summon Lightning Spire   Summ/Air       0%         N/A       100%        4
 Alistair's Intoxication  Tmut/Pois      0%         N/A       100%        5
 Lightning Bolt           Conj/Air       0%         1d11      100%        5
 Metabolic Englaciation   Hex/Ice        0%         N/A       100%        5
 Death Channel            Necr           0%         N/A       100%        6
 Simulacrum               Ice/Necr       0%         N/A       100%        6
 Statue Form              Tmut/Erth      0%         N/A       100%        6
 Discord                  Hex            0%         N/A       100%        8
 Dragon's Call            Summ           0%         N/A       100%        9


Dungeon Overview and Level Annotations

Branches:
Dungeon (12/15)            Temple (0/1) D:6            Lair (6/6) D:11
 Shoals (0/4) Lair:3        Snake (0/4) Lair:4        Slime (0/5) Lair:5
    Orc (2/2) D:9             Elf (0/3) Orc:2       Ossuary (visited)
  IceCv (visited)

Altars:
Cheibriados
Dithmenos
Elyvilon
Fedhas
Gozag
Hepliaklqana
Kikubaaqudgha
Qazlal
Ru
Vehumet
Wu Jian
Yredelemnul
Beogh

Shops:
D:3 (*=   D:8 ?   Orc:2 :[!:[

Portals:
Trove: D:12 (give +7 demon trident)

Annotations:
D:10 1 runed translucent door, enile's ghost, journeyman DjWn


Innate Abilities, Weirdness & Mutations

You are too large for most types of armour.
You have claws for hands.
Your natural rate of healing is unusually fast.
You are covered in fur. (AC +1)
You have tough skin. (AC +1)


Message History

You closely miss the orc.
The orc no longer looks unusually strong. x2
The orc warlord roars a battlecry!
The orcs go into a battle-frenzy!
You block the orc's attack.
The orc priest is engulfed in blazing flames.
You block the orc's attack. x2
The orc warrior hits you from afar with a +0 glaive!
* * * LOW HITPOINT WARNING * * *
The orc warrior hits you with a +0 war axe!!
* * * LOW HITPOINT WARNING * * *
You feel more protected from physical attacks.
The orc barely misses you.
You mangle the orc!!
You kill the orc!
Qazlal accepts your kill.
The orc warrior no longer looks unusually strong.
The orc no longer looks unusually strong.
The orc warrior no longer looks unusually strong.
The orc warlord is engulfed in freezing vapours.
The orc warlord roars a battlecry!
The orcs go into a battle-frenzy!
The orc hits you with a +0 flail.
* * * LOW HITPOINT WARNING * * *
You feel more protected from physical attacks.
The orc priest is engulfed in blazing flames.
You kill the orc priest!
Qazlal accepts your kill. You block the orc wizard's attack.
You block the orc's attack. You block the orc warrior's attack. x2
You closely miss the orc.
The orc warlord is engulfed in freezing vapours.
The orc warlord hits you from afar with a +0 glaive!
* * * LOW HITPOINT WARNING * * *
You block the orc's attack.
The orc wizard gestures at you while chanting.
You resist with almost no effort. You block the orc's attack. x2
You block the orc warrior's attack.
The orc warrior hits you with a +0 war axe!
You die...

#### ### ## ##
##...###.##.#...
......#..○o.....
....$.○ooo......
.......☼@o......
#.$..○oooo.....
#......°°)°.....
#...............
.#...........#..
................
...............#
$............###
.#....$....###


You could see an orc warlord, 2 orc warriors, an orc wizard (strong) and 5 orcs.

Vanquished Creatures
  A boulder beetle (D:10)
  A vault guard (D:12)
  8 hydras
  2 ogre magi (Orc:2)
  4 catoblepae
  Erolcha (D:9)
  5 two-headed ogres
  Urug (Lair:3)
  12 death yaks
  A fire crab (Lair:1)
  An orc knight (Orc:2)
  A deep elf pyromancer (D:12)
  7 manticores
  9 orc sorcerers
  3 ugly things
  2 oklob plants (Lair:5)
  10 elephants
  9 black mambas
  4 torpor snails (Lair:4)
  3 ice statues (IceCv)
  An unseen horror (D:12)
  Psyche (D:8)
  11 cane toads
  A rime drake (Lair:6)
  9 komodo dragons
  2 trolls
  3 polar bears
  6 slime creatures (D:12)
  7 dream sheep (Lair:4)
  14 blink frogs
  4 wyverns
  2 vampires
  4 wraiths
  2 dire elephant simulacra (IceCv)
  6 basilisks
  77 yaks
  2 fire bats (Lair:1)
  A fire elemental (Lair:1)
  5 vampire mosquitoes (D:12)
  2 steam dragons
  Menkaure (D:7)
  2 wargs (Orc:2)
  2 nagas (Lair:4)
  3 acid dragons
  Duvessa (D:6)
  13 water moccasins
  A hell hound (Lair:1)
  An ice beast (D:7)
  15 orc warriors
  A black bear (Lair:3)
  39 wolves
  5 ogres
  8 centaurs
  An elf zombie (Ossuary)
  5 kobold brigands
  Blork the orc (D:4)
  20 bullfrogs
  A gnoll sergeant (D:12)
  2 necrophages
  3 scorpions
  4 wights (D:9)
  Dowan (D:6)
  8 killer bees
  2 elephant simulacra (IceCv)
  4 howler monkeys
  4 electric eels (D:10)
  Crazy Yiuf (D:7)
  2 hounds (D:4)
  3 jellies
  10 orc priests
  2 human zombies (Ossuary)
  A gnoll shaman (D:10)
  4 iguanas
  Terence (D:2)
  36 orc wizards
  9 hell rats
  3 polar bear simulacra (IceCv)
  A wolf simulacrum (IceCv)
  4 hound zombies (Ossuary)
  4 mummies
  7 adders
  12 gnolls
  9 river rats (D:6)
  2 shadow imps (D:8)
  2 white imps
  3 adder zombies (Ossuary)
  2 worms (D:2)
  4 dart slugs
  59 orcs
  12 bats
  7 endoplasms
  4 giant cockroaches
  2 gnoll zombies (Ossuary)
  13 goblins
  7 hobgoblins
  6 jackals
  47 kobolds
  10 quokkas
  4 ball pythons
  A frilled lizard (D:2)
  2 goblin zombies (Ossuary)
  2 hobgoblin zombies
  6 jackal zombies (Ossuary)
  5 kobold zombies (Ossuary)
  3 orc zombies
  4 quokka zombies (Ossuary)
  26 rats
  2 rat zombies (Ossuary)
737 creatures vanquished.

Vanquished Creatures (collateral kills)
  An orc wizard (D:10)
1 creature vanquished.

Vanquished Creatures (others)
  2 orc wizards
  An orc (Orc:2)
  18 fungi
  59 plants
80 creatures vanquished.

Grand Total: 818 creatures vanquished

Notes
Turn   | Place    | Note
-------+----------+-------------------------------------------
     0 | D:1      | siradein the Troll Fighter began the quest for the Orb.
     0 | D:1      | Reached XP level 1. HP: 22/22 MP: 0/0
     9 | D:1      | Found a faded altar of an unknown god.
   152 | D:1      | Reached XP level 2. HP: 29/29 MP: 1/1
   335 | D:1      | You fall into a shaft and drop 1 floor!
   456 | D:1      | Reached XP level 3. HP: 36/36 MP: 2/2
  1059 | D:2      | Reached XP level 4. HP: 42/44 MP: 3/3
  1213 | D:2      | Noticed Terence
  1247 | D:2      | Killed Terence
  1264 | D:2      | Reached skill level 3 in Unarmed Combat
  1487 | D:3      | Found a sacrificial altar of Ru.
  1497 | D:3      | Reached XP level 5. HP: 53/53 MP: 4/4
  1536 | D:3      | Found Paurut's General Store.
  1577 | D:3      | Found Qasch's Antique Weapon Shoppe.
  1737 | D:3      | Found a white marble altar of Elyvilon.
  1825 | D:3      | Found Pityhiw's Jewellery Shop.
  1921 | D:3      | Found an opulent altar of Gozag.
  2109 | D:4      | Noticed Blork the orc
  2123 | D:4      | Killed Blork the orc
  2124 | D:4      | Reached XP level 6. HP: 46/61 MP: 5/5
  2666 | D:4      | Found an ornate altar of the Wu Jian Council.
  2993 | D:5      | Entered Level 5 of the Dungeon
  3102 | D:5      | Reached skill level 4 in Unarmed Combat
  3262 | D:5      | Reached XP level 7. HP: 70/70 MP: 6/6
  3557 | D:5      | Found a stormy altar of Qazlal.
  3624 | D:5      | Became a worshipper of Qazlal Stormbringer
  3708 | D:5      | Found a snail-covered altar of Cheibriados.
  3961 | D:5      | Reached skill level 1 in Invocations
  3961 | D:5      | Reached XP level 8. HP: 68/79 MP: 7/7
  3989 | D:6      | Reached skill level 5 in Unarmed Combat
  4216 | D:6      | Found a staircase to the Ecumenical Temple.
  4227 | D:6      | Noticed Duvessa
  4228 | D:6      | Noticed Dowan
  4235 | D:6      | Killed Duvessa
  4236 | D:6      | Reached skill level 5 in Fighting
  4236 | D:6      | Reached skill level 5 in Dodging
  4239 | D:6      | Killed Dowan
  4414 | D:6      | Reached skill level 5 in Shields
  4427 | D:6      | Reached * piety under Qazlal
  4865 | D:6      | Reached XP level 9. HP: 88/88 MP: 10/10
  5224 | D:7      | Reached skill level 6 in Unarmed Combat
  5341 | D:7      | Found a runed translucent door.
  5342 | D:7      | Noticed Crazy Yiuf
  5389 | D:7      | Reached ** piety under Qazlal
  5583 | D:7      | Noticed Menkaure
  5594 | D:7      | Killed Menkaure
  5966 | D:7      | Killed Crazy Yiuf
  6142 | D:8      | Found a basalt altar of Yredelemnul.
  6226 | D:8      | Found a shadowy altar of Dithmenos.
  6355 | D:8      | Noticed Psyche
  6365 | D:8      | Killed Psyche
  6452 | D:8      | Found a sand-covered staircase.
  6459 | Ossuary  | Entered an ossuary
  6544 | Ossuary  | Reached *** piety under Qazlal
  6741 | D:8      | Reached skill level 8 in Unarmed Combat
  6741 | D:8      | Reached XP level 10. HP: 102/102 MP: 11/13
  6742 | D:8      | Reached skill level 9 in Unarmed Combat
  6742 | D:8      | Reached XP level 11. HP: 111/111 MP: 11/15
  6808 | D:8      | Found Xanul's Magic Scroll Shoppe.
  6816 | D:8      | Bought a scroll of magic mapping for 38 gold pieces
  7068 | D:9      | Found a blossoming altar of Fedhas.
  7129 | D:9      | Found a staircase to the Orcish Mines.
  7289 | D:9      | Reached **** piety under Qazlal
  7642 | D:9      | Noticed Erolcha
  7654 | D:9      | Killed Erolcha
  7655 | D:9      | Reached XP level 12. HP: 119/119 MP: 16/16
  8346 | D:10     | Entered Level 10 of the Dungeon
  8458 | D:10     | Noticed a boulder beetle
  8458 | D:10     | Noticed a two-headed ogre
  8463 | D:10     | Noticed a two-headed ogre
  8471 | D:10     | Killed a boulder beetle
  8559 | D:10     | Reached skill level 1 in Evocations
  8922 | D:10     | Killed a two-headed ogre
  8954 | D:10     | Noticed a two-headed ogre
  8965 | D:10     | Killed a two-headed ogre
  9101 | D:10     | Noticed a two-headed ogre
  9134 | D:10     | Killed a two-headed ogre
  9136 | D:10     | Reached ***** piety under Qazlal
  9672 | D:10     | Found a runed translucent door.
  9673 | D:10     | Noticed enile's ghost (journeyman DjWn)
  9809 | D:10     | Killed a two-headed ogre
 10085 | D:11     | Noticed a death yak
 10085 | D:11     | Noticed a death yak
 10094 | D:11     | Noticed a death yak
 10099 | D:11     | Killed a death yak
 10100 | D:11     | Reached skill level 10 in Unarmed Combat
 10137 | D:10     | Killed a death yak
 10204 | D:11     | Killed a death yak
 10368 | D:11     | Found a staircase to the Lair.
 10517 | D:11     | Noticed a five-headed hydra
 10521 | D:11     | Killed a five-headed hydra
 10701 | D:11     | Noticed a two-headed ogre
 10712 | D:11     | Killed a two-headed ogre
 10722 | D:11     | Reached XP level 13. HP: 73/130 MP: 18/18
 11077 | Lair:1   | Entered Level 1 of the Lair of Beasts
 11435 | Lair:1   | Identified the +9 dagger "Pierruazi" {freeze, Stlth+}
 11712 | Lair:1   | Found a transporter.
 11890 | Lair:1   | Found a transporter.
 11995 | Lair:1   | Reached skill level 1 in Armour
 12051 | Lair:1   | Got the Disquisition on Creative Curses
 12052 | Lair:1   | Identified the +2 hat "Asi Fec" {rElec Slay+3}
 12465 | Lair:2   | Identified 2 scrolls of acquirement
 12466 | Lair:2   | Acquired the amulet "Gimer" {Faith Regen+ Str+6 Dex-2
                  | Stlth+}
 12825 | Lair:3   | Acquired 770 gold pieces
 13004 | Lair:3   | Found a staircase to the Shoals.
 13194 | Lair:3   | You fall into a shaft and drop 2 floors!
 13245 | Lair:4   | Reached skill level 11 in Unarmed Combat
 13698 | Lair:4   | Noticed Urug
 13724 | Lair:3   | Killed Urug
 13795 | Lair:4   | Reached XP level 14. HP: 140/140 MP: 19/19
 13948 | Lair:4   | Reached ****** piety under Qazlal
 14234 | Lair:4   | Found a staircase to the Snake Pit.
 14433 | Lair:4   | Found a snail-covered altar of Cheibriados.
 15265 | Lair:5   | Found a staircase to the Slime Pits.
 15653 | Lair:6   | Entered Level 6 of the Lair of Beasts
 15729 | Lair:6   | Found a hazy altar of Hepliaklqana.
 15809 | Lair:6   | Reached skill level 5 in Evocations
 15827 | Lair:6   | Reached skill level 10 in Fighting
 15955 | Lair:6   | Reached skill level 10 in Dodging
 16092 | Lair:6   | Reached skill level 10 in Shields
 16761 | Lair:6   | Reached skill level 10 in Invocations
 16811 | Lair:6   | Reached XP level 15. HP: 121/150 MP: 21/21
 17456 | D:12     | Reached skill level 12 in Unarmed Combat
 17744 | D:12     | Found a blossoming altar of Fedhas.
 18026 | D:12     | Found a portal to a secret trove of treasure.
 18523 | Orc:1    | Entered Level 1 of the Orcish Mines
 18537 | Orc:1    | Reached skill level 5 in Armour
 18821 | Orc:2    | Entered Level 2 of the Orcish Mines
 18821 | Orc:2    | Found Foofev's Antique Armour Boutique.
 18885 | Orc:2    | Found a frozen archway.
 18897 | IceCv    | Entered an ice cave
 19025 | IceCv    | Identified the +1 scimitar "Hellblazer" {drain, rElec rN+}
 19154 | Orc:2    | Found a staircase to the Elven Halls.
 19355 | Orc:2    | Found Ofehoen's Antique Armour Shop.
 19373 | Orc:2    | Bought storm dragon scales for 2080 gold pieces
 19399 | Orc:2    | Found an ancient bone altar of Kikubaaqudgha.
 19414 | Orc:2    | Found Dunk's Book Shop.
 19460 | Orc:2    | Found a radiant altar of Vehumet.
 19523 | Orc:2    | Found Zadas's Distillery.
 19545 | Orc:2    | Found Jitwaw's Book Boutique.
 19548 | Orc:2    | Bought a potion of lignification for 51 gold pieces
 19548 | Orc:2    | Bought a potion of degeneration for 17 gold pieces
 19548 | Orc:2    | Bought a potion of brilliance for 68 gold pieces
 19993 | Orc:1    | Noticed an orc warlord
 20013 | Orc:1    | Slain by an orc warrior

Illustrated notes

Levels and vault maps discovered:
D:1:      sevenhm_arrival_forest_fort_small_5, layout_basic,
          shapermc_ecumenical_altar_venn
D:2:      layout_basic, uniq_terence
D:3:      layout_basic, nicolae_ru_great_annihilating_truth, old_standard_altar,
          lemuel_crystal_altar, serial_shops, nicolae_square_shop, shop, shop
D:4:      layout_loops_corners, pf_just_have_faith,
          chequers_serial_rivers_room_a, uniq_blork_the_orc
D:5:      layout_rooms, lemuel_tele_altar, mainiacjoe_overflow_chevrons,
          mumra_transporter_accident, guppyfry_early_lair_pool
D:6:      lemuel_ratsnest, layout_loops_ring, minmay_temple_entry_waves,
          uniq_duvessa
D:7:      layout_basic, uniq_menkaure, uniq_crazy_yiuf_cottage
D:8:      layout_loops_cross, mainiacjoe_overflow_cross_hatched,
          grunt_dithmenos_shadows, serial_shops, shop,
          nicolae_ossuary_entry_giza, nicolae_fountain_basement, uniq_psyche
D:9:      kennysheep_kobold_camp, layout_irregular_city,
          mainiacjoe_overflow_tiny_flanked, minmay_orc_entry_temple_small,
          uniq_erolcha
D:10:     minmay_recursive_quarters, layout_small_grid, gammafunk_ghost_grave,
          chequers_big_river
D:11:     layout_loops_ring, dpeg_lair_monsters
D:12:     layout_basic, enter_trove_5, fedhas_ov_isle_minmay
Lair:1:   gammafunk_cloud_chamber, layout_misc_corridors, grunt_megastairs_3
Lair:2:   layout_gridlike, grunt_megastairs_5, lemuel_fruit_tree
Lair:3:   layout_gridlike, elwin_shoals_entry_rocks, evilmike_ambush
          [evilmike_ambush_outer_corners, evilmike_ambush_inner_basic]
Lair:4:   layout_cellular_growth, guppyfry_snake_entry_garden,
          kennysheep_snail_temple, uniq_urug
Lair:5:   layout_long_grid, minmay_slime_entry_oklob_enclosed
Lair:6:   evilmike_catoblepas_cave, layout_cave_pods, basic_altar
Orc:1:    layout_caves, basic_altar
Orc:2:    kennysheep_orc_mage_school, layout_diamond_mine, serial_shops,
          nicolae_square_shop, portal_ice_cave_entry_pillars_2

Skill      XL: |  1  2  3  4  5  6  7  8  9 10 11 12 13 14 15 |
---------------+----------------------------------------------+-----
Fighting       | 3 4 5 7 8 9 10 | 10.6
Dodging        | 3 4 5 7 8 9 10 | 10.6
Shields        | 3 4 5 7 8 9 10 | 10.5
Unarmed Combat | 3 4 5 8 9 10 11 12 | 12.2
Invocations    | 1 3 6 7 8 9 10 | 10.4
Evocations     | 3 4 5 6 |  6.0
Armour         | 2 4 5 |  5.3

Action                   |  1- 3 |  4- 6 |  7- 9 | 10-12 | 13-15 || total
-------------------------+-------+-------+-------+-------+-------++-------
Melee: Unarmed           |    82 |   162 |   453 |   383 |  1070 ||  2150
       Dagger            |       |       |       |       |    33 ||    33
Invok: Upheaval          |       |       |       |     4 |     8 ||    12
       Elemental Force   |       |       |       |     1 |       ||     1
Evoke: Wand              |       |       |       |     2 |       ||     2
  Use: Scroll            |       |     4 |     4 |     4 |    15 ||    27
       Potion            |       |       |     1 |     2 |     1 ||     4
 Stab: Sleeping          |     2 |     1 |       |       |       ||     3
Armor: Robe              |    29 |    50 |   103 |    77 |       ||   259
       Acid dragon scale |       |       |       |    12 |   379 ||   391
       Storm dragon scal |       |       |       |       |    20 ||    20
Dodge: Dodged            |    33 |    82 |   151 |   163 |   346 ||   775
       Repelled          |       |       |       |     7 |    10 ||    17
Block: Kite shield       |    16 |    69 |   185 |   300 |   932 ||  1502
       Tower shield      |       |       |       |       |   204 ||   204

Table legend: (Time is in decaauts)
 A = Elapsed time spent in this place.
 B = Non-inter-level travel time spent in this place.
 C = Inter-level travel time spent in this place.
 D = Time resting spent in this place.
 E = Time spent auto-exploring this place.
 F = Levels seen in this place.
 G = Mean time per level.
                   A        B        C        D        E       F      G
               +--------+--------+--------+--------+--------+-----+--------+
         Total |  19955 |  18769 |   1186 |    436 |  13706 |  22 |  907.0 |
       Dungeon |  11937 |  11089 |    848 |    259 |   8156 |  12 |  994.8 |
          Lair |   6257 |   6015 |    242 |    177 |   4529 |   6 | 1042.8 |
  Orcish Mines |   1307 |   1212 |     95 |      0 |    857 |   2 |  653.5 |
       Ossuary |    280 |    280 |      0 |      0 |    132 |   1 |  280.0 |
      Ice Cave |    172 |    172 |      0 |      0 |     32 |   1 |  172.0 |
               +--------+--------+--------+--------+--------+-----+--------+

Top non-repeatable levels by time:
  Lair:6: 1578 daAuts
    D:10: 1570 daAuts
     D:9: 1205 daAuts
  Lair:4: 1191 daAuts
     D:7: 1158 daAuts
    D:11: 1087 daAuts
     D:4: 1083 daAuts
     D:6: 1042 daAuts
  Lair:1: 1014 daAuts
    D:12: 993 daAuts
   Orc:2: 992 daAuts
     D:1: 883 daAuts
     D:8: 882 daAuts
  Lair:3: 861 daAuts
  Lair:5: 848 daAuts
